 Dungeon Crawl Stone Soup version 0.28.0-53-g5a82cb258f (webtiles) character file.

Game seed: 12654717461478843692

438 MiltankisOP the Skirmisher (level 7, 0/54 HPs)
             Began as an Octopode Monk on July 14, 2022.
             Slain by a gnoll
             ... wielding a +0 flail
              (13 damage)
             ... on level 5 of the Dungeon.
             The game lasted 00:05:09 (4013 turns).

MiltankisOP the Skirmisher (Octopode Monk)          Turns: 4013, Time: 00:05:10

Health: 0/54       AC:  1    Str: 11    XL:     7   Next: 1%
Magic:  7/7        EV: 14    Int: 12    God:
Gold:   160        SH:  0    Dex: 16    Spells: 6/6 levels left

rFire   . . .      SeeInvis .     - Unarmed
rCold   . . .      Faith    .   (no shield)
rNeg    . . .      Spirit   .   (helmet restricted)
rPois   .          Reflect  .   (no amulet)
rElec   .          Harm     .   (no ring)
rCorr   .          Rampage  .   (no ring)
Will    .....                   (no ring)
Stlth   +++.......              (no ring)
HPRegen 0.18/turn               (no ring)
MPRegen 0.10/turn               (no ring)
                                (no ring)
                                (no ring)

@: no status effects
A: almost no armour, amphibious, 8 rings, camouflage 1, gelatinous body 1,
(nimble swimmer 1), tentacles
a: no special abilities


You were on level 5 of the Dungeon.
You visited 1 branch of the dungeon, and saw 5 of its levels.

You collected 160 gold pieces.

Inventory:

Wands
 f - a wand of acid (7)
 m - a wand of charming (14)
 p - a wand of mindburst (16)
Scrolls
 c - a scroll of enchant weapon {unknown}
 d - a scroll of vulnerability {unknown}
 e - 2 scrolls of fear {unknown}
 g - a scroll of brand weapon {unknown}
 h - 2 scrolls of immolation
 i - a scroll of silence {unknown}
 k - a scroll of noise {unknown}
Potions
 b - a potion of attraction
 j - a potion of degeneration
 l - 2 potions of flight
 n - a potion of heal wounds {unknown}
 o - a potion of brilliance {unknown}


   Skills:
 - Level 7.0 Fighting
 - Level 3.0 Dodging
 - Level 2.6 Stealth
 + Level 4.3 Unarmed Combat


You had 6 spell levels left.
You didn't know any spells.
Your spell library contained the following spells:

 Spells                   Type           Power      Damage    Failure   Level
 Freeze                   Ice            0%         1d3       32%         1
 Frozen Ramparts          Ice            0%         1d2       69%         3
 Hailstorm                Conj/Ice       0%         3d3       97%         4


Dungeon Overview and Level Annotations

Branches:
Dungeon (5/15)
 Temple: D:4-7

Altars:
Dithmenos
Ru
Uskayaw

Shops:
D:1 (


Innate Abilities, Weirdness & Mutations

You cannot wear most types of armour.
You are amphibious.
You can wear up to eight rings at the same time.
Your skin changes colour to match your surroundings (Stealth+).
Your rubbery body absorbs attacks. (AC +1, EV +1)
((You are camouflaged when in or above water. (Stealth+)))
You have tentacles for arms and can constrict up to eight enemies at once.


Message History

You tentacle-slap the white imp. You grab the white imp.
The white imp is lightly wounded.
You constrict the white imp. The white imp hits you.
* * * LOW HITPOINT WARNING * * *
The white imp freezes you.
* * * LOW HITPOINT WARNING * * *
The gnoll hits you from afar with a +0 spear.
* * * LOW HITPOINT WARNING * * *
You feel better.
You constrict the white imp, but do no damage.
The white imp closely misses you.
The gnoll hits you from afar with a +0 spear.
* * * LOW HITPOINT WARNING * * *
You feel better.
You constrict the white imp. The white imp gestures at you.
The puff of frost hits you!
* * * LOW HITPOINT WARNING * * *
The gnoll barely misses you.
Aiming: Corrosive Bolt
Press: ? - help, Q - select action, (/) - cycle Shift-Dir - straight line, f - gnoll
Aim: a gnoll, wielding a +0 whip (75% to hit)
The bolt of acid hits the white imp!
The acid corrodes the white imp!
You kill the white imp!
The bolt of acid misses the gnoll.
The bolt of acid hits the gnoll!
The gnoll is severely wounded.
You hear a shout!
The gnoll barely misses you.
Aiming: Corrosive Bolt
Press: ? - help, Q - select action, (/) - cycle Shift-Dir - straight line, f/p - gnoll
Aim: a gnoll, wielding a +0 whip (severely wounded, 75% to hit)
The bolt of acid hits the gnoll!
You kill the gnoll!
The bolt of acid hits the gnoll!
The acid corrodes the gnoll!
You kill the gnoll!
You have reached level 7!
A gnoll comes into view. It is wielding a +0 flail.
There is an open door here.
There is a stone staircase leading down here.
The gnoll hits you with a +0 flail!
You die...

## #)
########################)
................[........
............####...).....
#######..##.# #.........
######.##.## #.........
#<....@....# #.........
#######g#..# #.....[...
....)....# #...g.....
.........# #.........
#.........# #.........
#......#..#####'######
.#######..#.......[..#
+........+>.........#
#######..#.g.........


You could see a gnoll.

Vanquished Creatures
  A necrophage (D:5)
  A centaur zombie (D:5)
  A hound (D:4)
  An orc priest (D:4)
  An iguana (D:4)
  Ijyb (D:4)
  2 orc wizards
  2 gnolls (D:5)
  5 adders
  A white imp (D:5)
  A worm (D:4)
  2 dart slugs
  8 orcs
  7 ball pythons
  7 endoplasms
  3 giant cockroaches
  8 goblins
  3 hobgoblins
  2 jackals (D:1)
  5 kobolds
  6 quokkas
  8 bats
  4 frilled lizards
  5 rats
85 creatures vanquished.

Notes
Turn   | Place    | Note
-------+----------+-------------------------------------------
     0 | D:1      | MiltankisOP the Octopode Monk began the quest for the Orb.
     0 | D:1      | Reached XP level 1. HP: 16/16 MP: 1/1
   314 | D:1      | Found a faded altar of an unknown god.
   399 | D:1      | Reached XP level 2. HP: 21/21 MP: 2/2
   693 | D:1      | Reached skill level 4 in Fighting
   697 | D:1      | Reached XP level 3. HP: 15/27 MP: 3/3
   861 | D:1      | Found Kunweafaergh's Antique Weapon Shop.
  1527 | D:2      | Reached XP level 4. HP: 34/34 MP: 4/4
  1705 | D:3      | Reached skill level 5 in Fighting
  1758 | D:3      | Found a shadowy altar of Dithmenos.
  1964 | D:3      | Found a sacrificial altar of Ru.
  2192 | D:3      | Reached XP level 5. HP: 39/39 MP: 5/5
  2783 | D:4      | Reached skill level 6 in Fighting
  3158 | D:4      | Reached XP level 6. HP: 47/47 MP: 6/6
  3181 | D:4      | Found a hide-covered altar of Uskayaw.
  3181 | D:4      | Noticed a +0 spear
  3181 | D:4      | Noticed a +0 falchion
  3182 | D:4      | Noticed a +0 spear
  3182 | D:4      | Noticed a +0 dagger
  3226 | D:4      | Noticed Ijyb
  3238 | D:4      | Killed Ijyb
  3460 | D:4      | Noticed a +0 short sword
  3461 | D:4      | Noticed a +0 dagger
  3462 | D:4      | Noticed a +0 short sword
  3463 | D:4      | Noticed a +0 falchion
  3807 | D:5      | Entered Level 5 of the Dungeon
  3817 | D:5      | Reached skill level 7 in Fighting
  3968 | D:5      | Noticed a necrophage
  3980 | D:5      | Killed a necrophage
  3989 | D:5      | Reached XP level 7. HP: 9/54 MP: 7/7
  4013 | D:5      | Slain by a gnoll

Illustrated notes

Levels and vault maps discovered:
D:1:      lemuel_arrival_tunnels, layout_basic, shapermc_ecumenical_altar_gd,
          serial_shops, nicolae_shop_competitors_out_of_business,
          amcnicky_mini_rare_corridor_liquid, minmay_pentomino_s2
D:2:      layout_basic
D:3:      layout_basic, lemuel_crystal_altar, grunt_dithmenos_smoke, hex_tiny,
          minmay_bisected
D:4:      layout_loops_cross, nicolae_uskayaw_en_pointe, uniq_ijyb
D:5:      layout_basic, minmay_temple_entry_nine_rooms, hangedman_decor_growths,
          skrybe_limestone_x, amcnicky_mini_pool_small, uniq_edmund

Skill      XL: |  1  2  3  4  5  6 |
---------------+-------------------+-----
Fighting       | 4 5 6 7 |  7.0
Unarmed Combat | 4 |  4.3
Dodging        | |  3.0
Stealth        | |  2.6

Action                   |  1- 3 |  4- 6 |  7- 9 || total
-------------------------+-------+-------+-------++-------
Melee: Unarmed           |    76 |   137 |       ||   213
       Tentacles         |    14 |    31 |       ||    45
       Constrict         |    20 |    32 |       ||    52
       Punch             |     3 |     4 |       ||     7
Evoke: Wand              |       |     2 |       ||     2
  Use: Potion            |       |     4 |       ||     4
       Scroll            |       |     3 |       ||     3
 Stab: Sleeping          |    12 |    12 |       ||    24
Armor: Skin              |     7 |     6 |       ||    13
Dodge: Dodged            |    46 |    75 |       ||   121
